 Dungeon Crawl Stone Soup version 0.32-a0-899-geb5ba95c15 (webtiles) character file.

Game seed: 15202212739149906624

149501 ouz the Sorcerer (level 16, -12/94 HPs)
             Began as a Deep Elf Conjurer on Apr 4, 2024.
             Was the Champion of Vehumet.
             Mangled by a +6 vampiric halberd (15 damage)
             ... on level 2 of the Elven Halls on Apr 5, 2024.
             The game lasted 01:03:30 (39555 turns).

ouz the Sorcerer (Deep Elf Conjurer)               Turns: 39555, Time: 01:03:31

Health: -12/94     AC: 13    Str:  4    XL:     16   Next: 96%
Magic:  25/44      EV: 11    Int: 41    God:    Vehumet [******]
Gold:   542        SH:  0    Dex: 13    Spells: 4/59 levels left

rFire   + . .        e - staff of alchemy
rCold   + . .        (no shield)
rNeg    . . .        U - +2 robe {rC+ rF+}
rPois   +            L - +2 helmet {Int+3}
rElec   .            J - scarf {repulsion}
rCorr   .            l - +2 pair of gloves
SInv    .            y - +2 pair of boots {rampage}
Will    +....        a - amulet of magic regeneration
Stlth   ++           g - +6 ring of intelligence
HPRegen 0.35/turn    o - ring of wizardry
MPRegen 0.69/turn

%: repel missiles, rampage, wizardry (x1)
@: no status effects
A: no striking features
a: Renounce Religion


You were on level 2 of the Elven Halls.
You worshipped Vehumet.
Vehumet was exalted by your worship.
You visited 7 branches of the dungeon, and saw 27 of its levels.

You collected 2906 gold pieces.
You spent 2364 gold pieces at shops.

Inventory:

Missiles
 B - a throwing net
Armour
 l - a +2 pair of gloves (worn)
 q - a +1 pair of boots
 y - a +2 pair of boots of rampaging (worn)
 J - a scarf of repulsion (worn)
 L - a +2 helmet of intelligence (worn)
 U - a +2 robe of resistance (worn)
Magical Staves
 e - a staff of alchemy (weapon)
Jewellery
 a - an amulet of magic regeneration (around neck)
 g - a +6 ring of intelligence (left hand)
 o - a ring of wizardry (right hand)
Wands
 j - a wand of charming (36)
 m - a wand of flame (46)
 s - a wand of polymorph (14)
 A - a wand of roots (33)
 H - a wand of quicksilver (8)
 O - a wand of mindburst (15)
Scrolls
 b - 7 scrolls of enchant weapon
 c - 7 scrolls of fog
 f - 5 scrolls of teleportation
 k - 2 scrolls of immolation
 u - 2 scrolls of amnesia
 x - a scroll of torment
 C - 3 scrolls of revelation
 E - 2 scrolls of poison
 I - a scroll of blinking
Potions
 d - 2 potions of cancellation
 h - 4 potions of haste
 i - 4 potions of berserk rage
 n - 12 potions of curing
 p - 2 potions of heal wounds
 t - 2 potions of invisibility
 v - 2 potions of resistance
 F - 2 potions of lignification
 G - 3 potions of might
 K - a potion of brilliance
 N - 3 potions of mutation
 Q - a potion of enlightenment


   Skills:
 - Level 8.3 Fighting
 - Level 2.4 Dodging
 - Level 2.4 Stealth
 - Level 22.2 Spellcasting
 - Level 12.1 Conjurations
 - Level 5.2 Translocations
 - Level 6.1 Fire Magic
 - Level 16.1 Ice Magic
 - Level 10.0 Air Magic
 + Level 11.5 Earth Magic
 - Level 5.2 Alchemy


You had 4 spell levels left.
You knew the following spells:

 Your Spells              Type           Power      Damage    Failure   Level
a - Polar Vortex          Ice            54%        12d7*     7%          9
b - Shatter               Erth           48%        3d37*     34%         9
d - Iskenderun's Mystic   Conj/Tloc      87%        2d17      (+2d91%     4
e - Iskenderun's Battles  Conj           98%        2d14      1%          5
f - Stone Arrow           Conj/Erth      100%       3d13      0%          3
g - Freezing Cloud        Conj/Ice/Air   50%        6-21      1%          5
h - Orb of Destruction    Conj           49%        9d13      1%          7
i - Starburst             Conj/Fire      44%        6d12      1%          6
j - Ozocubu's Refrigerat  Ice            54%        4d19      1%          7

Your spell library contained the following spells:

 Spells                   Type           Power      Damage    Failure   Level
 Lee's Rapid Deconstruct  Erth           48%        3d23*     1%          5
 Foxfire                  Conj/Fire      100%       2x1d9     0%          1
 Magic Dart               Conj           100%       1d8       0%          1
 Sandblast                Erth           100%       2d20      0%          1
 Mercury Vapours          Alch/Air       100%       N/A       0%          2
 Searing Ray              Conj           100%       2d8       0%          2
 Frozen Ramparts          Ice            100%       1d16      0%          3
 Mephitic Cloud           Conj/Alch/Air  100%       N/A       0%          3
 Ozocubu's Armour         Ice            100%       N/A       0%          3
 Passwall                 Erth           96%        N/A       0%          3
 Swiftness                Air            91%        N/A       0%          3
 Call Imp                 Summ           90%        N/A       1%          2
 Ensorcelled Hibernation  Hex/Ice        100%       N/A       1%          2
 Sublimation of Blood     Necr           45%        N/A       1%          2
 Dazzling Flash           Conj/Hex       100%       N/A       1%          3
 Sigil of Binding         Hex            45%        N/A       1%          3
 Volatile Blastmotes      Fire/Tloc      100%       2d18      1%          3
 Animate Dead             Necr           45%        N/A       1%          4
 Brom's Barrelling Bould  Conj/Erth      97%        2d11      1%          4
 Fulminant Prism          Conj/Alch      54%        3d22      1%          4
 Ignite Poison            Fire/Alch      95%        N/A       1%          4
 Petrify                  Alch/Erth      100%       N/A       1%          4
 Sticky Flame             Fire/Alch      95%        2d14      1%          4
 Summon Blazeheart Golem  Fire/Summ      63%        N/A       1%          4
 Irradiate                Conj/Alch      54%        3d29      1%          5
 Metabolic Englaciation   Hex/Ice        42%        N/A       1%          5
 Silence                  Hex/Air        36%        N/A       1%          5
 Summon Forest            Summ/Tloc      30%        N/A       1%          5
 Bombard                  Conj/Erth      48%        9d8       1%          6
 Plasma Beam              Fire/Air       42%        2x1d56    1%          6
 Sculpt Simulacrum        Ice/Alch       58%        N/A       1%          6
 Spellforged Servitor     Conj/Summ      38%        N/A       3%          7
 Curse of Agony           Necr           45%        N/A       5%          5
 Summon Mana Viper        Hex/Summ       45%        N/A       5%          5
 Ignition                 Fire           38%        3d11      22%         8
 Death Channel            Necr           22%        N/A       28%         6
 Summon Cactus Giant      Summ           22%        N/A       28%         6
 Summon Hydra             Summ           22%        N/A       82%         7


Dungeon Overview and Level Annotations

Branches:
Dungeon (13/15)            Temple (1/1) D:7            Lair (5/5) D:11
 Shoals (1/4) Lair:3        Snake (3/4) Lair:2        Slime (0/5) Lair:5
    Orc (2/2) D:10            Elf (2/3) Orc:2
 Vaults: D:13-14

Altars:
Ashenzari
Cheibriados
Dithmenos
Elyvilon
Fedhas
Gozag
Hepliaklqana
Kikubaaqudgha
Makhleb
Nemelex Xobeh
Okawaru
Qazlal
Ru
Sif Muna
Trog
Uskayaw
Vehumet
Wu Jian
Xom
Yredelemnul
Zin
The Shining One

Shops:
D:9 (***   Orc:2 [***([(!   Elf:2 [   Snake:1 :=:

Annotations:
D:8 1 transporter, P0WERM0DE's ghost, novice CoCK
Lair:5 3 runed translucent doors, flt's ghost, journeyman OnBr


Message History

Confirm with . or Enter, or press ? or * to list all spells.
You erupt in a blast of force!
The mystic blast hits the deep elf blademaster!!
You kill the deep elf blademaster!
Vehumet accepts your kill.
You feel your power returning.
A deep elf pyromancer comes into view. It is wielding a +0 rapier.
The +6 vampiric halberd hits you from afar!!
Casting: Iskenderun's Mystic Blast (safe; 1% risk of failure)
Confirm with . or Enter, or press ? or * to list all spells.
You erupt in a blast of force!
The mystic blast hits the +6 vampiric halberd!
The +6 vampiric halberd is heavily damaged.
The +6 vampiric halberd is knocked back by the mystic blast.
Unknown command.
Casting: Iskenderun's Mystic Blast (safe; 1% risk of failure)
Confirm with . or Enter, or press ? or * to list all spells.
You can't see any susceptible monsters within range! (Use Z to cast anyway.) Unknown command.
Casting: Iskenderun's Mystic Blast (safe; 1% risk of failure)
Confirm with . or Enter, or press ? or * to list all spells.
You don't have enough magic to cast this spell.
Unknown command.
Magic courses through your body.
Unknown command.
Casting: Iskenderun's Mystic Blast (safe; 1% risk of failure)
Confirm with . or Enter, or press ? or * to list all spells.
The heat is drained from your surroundings.
The deep elf knight is moderately wounded.
The deep elf pyromancer is severely wounded.
The +6 vampiric halberd resists.
The +6 vampiric halberd is severely damaged.
The deep elf knight casts a spell at you.
The shard of ice hits you!! You partially resist.
* * * LOW HITPOINT WARNING * * *
The deep elf pyromancer casts a spell at you.
The bolt of fire hits you! You resist.
* * * LOW HITPOINT WARNING * * *
The +6 vampiric halberd hits you from afar!
You die...

...................##
....................##
.....................#
)............e.......#
.............e..)....#
...........###......##
..........## ##....##
..........# #....#
.........## #.@..#
.......### #......#
......## #..(.....)#
......# #...)).....#
.....## #...)......#
#....).....##
...........##
...........#


You could see a deep elf knight, a deep elf pyromancer and a +6 vampiric
halberd.

Vanquished Creatures
  A deep elf blademaster (Elf:2)
  2 nagarajas
  A deep elf sorcerer (Elf:2)
  Azrael (Elf:1)
  Snorg (D:12)
  5 hydras
  A salamander tyrant (Snake:3)
  A catoblepas (Lair:4)
  A centaur warrior (D:12)
  An alligator snapping turtle (Shoals:1)
  5 anacondas
  3 boulder beetles
  20 dancing weapons
  A two-headed ogre (D:12)
  4 death yaks (Lair:5)
  6 orc high priests
  7 naga warriors
  7 shock serpents
  10 naga sharpshooters
  12 deep elf knights
  A skyshark (Shoals:1)
  3 skeletal warriors (D:11)
  3 deep elf archers
  A goliath frog (Lair:5)
  6 mana vipers
  4 naga ritualists
  10 orc knights
  12 deep elf pyromancers
  12 deep elf zephyrmancers
  2 ugly things
  4 orc sorcerers
  5 salamanders
  4 cyclopes (D:12)
  A salamander (shapeshifter) (Elf:1)
  A manticore (D:13)
  A faun (Shoals:1)
  9 elephants
  A black mamba (shapeshifter) (Elf:1)
  14 naga magi
  Joseph (D:7)
  2 torpor snails (Lair:3)
  4 guardian serpents
  31 black mambas
  14 cane toads
  A kobold demonologist (D:11)
  2 unseen horrors
  Maggie (D:6)
  An efreet (D:13)
  4 rime drakes
  14 komodo dragons
  A queen bee (shapeshifter) (Elf:1)
  4 trolls
  4 polar bears
  4 tyrant leeches (Lair:5)
  17 blink frogs
  2 centaur simulacra (D:13)
  Sigmund (D:6)
  A spriggan (shapeshifter) (Elf:1)
  A vampire (D:13)
  A wyvern (shapeshifter) (Elf:1)
  An air elemental (Elf:1)
  A wraith (D:11)
  A shadow (D:7)
  49 yaks
  3 water elementals
  A fire bat (shapeshifter) (Elf:1)
  A golden eye (shapeshifter) (Elf:1)
  3 basilisks
  7 fire elementals
  Grum (D:8)
  2 wargs (Orc:1)
  A redback (shapeshifter) (Elf:1)
  7 vampire mosquitoes
  Menkaure (D:7)
  17 nagas
  3 acid dragons
  3 hell hounds (Elf:1)
  Duvessa (D:7)
  24 water moccasins
  2 sky beasts
  3 black bears
  6 ice beasts
  37 orc warriors
  A sky beast (shapeshifter) (Elf:2)
  4 ogres
  27 wolves
  6 centaurs
  4 phantoms
  A kobold brigand (D:7)
  17 bullfrogs
  3 gnoll sergeants
  2 scorpions (D:4)
  2 earth elementals
  Dowan (D:7)
  15 wights
  8 killer bees (D:9)
  6 howler monkeys
  7 electric eels
  A bombardier beetle (D:3)
  A gnoll bouda (D:8)
  A hound (D:6)
  29 orc priests
  A sleepcap (D:5)
  3 scrub nettles (Lair:3)
  2 iguanas (D:5)
  32 orc wizards
  Terence (D:2)
  6 hell rats (Lair:2)
  22 gnolls
  12 adders
  3 white imps
  7 ufetubi
  3 dart slugs
  2 ribbon worms
  101 orcs
  7 ball pythons
  4 endoplasms
  5 giant cockroaches
  31 goblins
  38 hobgoblins
  11 jackals
  9 bats
  5 frilled lizards
  12 kobolds
  3 rats
926 creatures vanquished.

Vanquished Creatures (others)
  2 fulminant prisms
2 creatures vanquished.

Grand Total: 928 creatures vanquished

Notes
Turn   | Place    | Note
-------+----------+-------------------------------------------
     0 | D:1      | ouz the Deep Elf Conjurer began the quest for the Orb.
     0 | D:1      | Reached XP level 1. HP: 10/10 MP: 6/6
   211 | D:1      | Reached XP level 2. HP: 9/15 MP: 6/8
   347 | D:1      | Reached skill level 4 in Spellcasting
   357 | D:1      | Learned a level 2 spell: Searing Ray
   581 | D:1      | Reached XP level 3. HP: 19/19 MP: 7/10
  1306 | D:2      | Noticed Terence
  1589 | D:2      | Reached skill level 5 in Spellcasting
  1589 | D:2      | Reached skill level 5 in Conjurations
  1625 | D:2      | Reached XP level 4. HP: 24/24 MP: 10/13
  1806 | D:2      | Learned a level 4 spell: Fulminant Prism
  1811 | D:2      | Learned a level 4 spell: Iskenderun's Mystic Blast
  1910 | D:2      | Found a bloodstained altar of Trog.
  2074 | D:2      | Found a faded altar of an unknown god.
  2172 | D:2      | Killed Terence
  2173 | D:2      | Reached skill level 1 in Translocations
  2173 | D:2      | Reached skill level 1 in Alchemy
  2173 | D:2      | Reached XP level 5. HP: 24/28 MP: 4/15
  2739 | D:3      | Reached skill level 6 in Spellcasting
  4018 | D:3      | Reached XP level 6. HP: 32/32 MP: 14/17
  4905 | D:4      | Found a broken altar of Ashenzari.
  4940 | D:4      | Reached skill level 7 in Spellcasting
  5273 | D:4      | Reached XP level 7. HP: 28/36 MP: 8/20
  5846 | D:4      | Learned a level 5 spell: Iskenderun's Battlesphere
  5850 | D:4      | Learned a level 3 spell: Stone Arrow
  5886 | D:5      | Entered Level 5 of the Dungeon
  6035 | D:5      | Found a blossoming altar of Fedhas.
  6047 | D:5      | Reached skill level 8 in Spellcasting
  6774 | D:5      | Reached XP level 8. HP: 41/41 MP: 12/22
  6887 | D:5      | Found a white marble altar of Elyvilon.
  6890 | D:5      | Found a sparkling altar of Nemelex Xobeh.
  7104 | D:5      | Found a burning altar of Makhleb.
  7637 | D:6      | Reached skill level 9 in Spellcasting
  7735 | D:6      | Learned a level 5 spell: Freezing Cloud
  7957 | D:6      | Reached skill level 1 in Ice Magic
  7957 | D:6      | Reached skill level 1 in Air Magic
  8433 | D:6      | Noticed Maggie
  8438 | D:6      | Killed Maggie
  8439 | D:6      | Reached skill level 10 in Spellcasting
  8635 | D:6      | Reached XP level 9. HP: 45/45 MP: 17/25
  8751 | D:6      | Noticed Sigmund
  8755 | D:6      | Killed Sigmund
  8756 | D:6      | Reached skill level 5 in Translocations
  8756 | D:6      | Reached skill level 5 in Alchemy
  9049 | D:7      | Noticed Joseph
  9056 | D:7      | Killed Joseph
  9117 | D:7      | Found a bloodstained altar of Trog.
  9366 | D:7      | Reached skill level 11 in Spellcasting
  9433 | D:7      | Noticed Dowan
  9435 | D:7      | Noticed Duvessa
  9438 | D:7      | Killed Dowan
  9443 | D:7      | Killed Duvessa
  9572 | D:7      | Found a staircase to the Ecumenical Temple.
  9590 | Temple   | Entered the Ecumenical Temple
  9668 | Temple   | Became a worshipper of Vehumet
  9999 | D:7      | Noticed Menkaure
 10030 | D:7      | Killed Menkaure
 10635 | D:8      | Reached skill level 12 in Spellcasting
 10700 | D:8      | Found an iron altar of Okawaru.
 10887 | D:8      | Reached XP level 10. HP: 47/50 MP: 20/28
 10996 | D:8      | Noticed Grum
 11006 | D:8      | Killed Grum
 11177 | D:8      | Found a transporter.
 11178 | D:8      | Noticed P0WERM0DE's ghost (novice CoCK)
 11260 | D:8      | Identified the +5 giant spiked club of Entrepreneurial
                  | Spirit {freeze, rF- Will- Str+8 Int+2}
 11260 | D:8      | Noticed a two-headed ogre
 11402 | D:8      | Reached skill level 5 in Ice Magic
 11506 | D:8      | Identified a scroll of acquirement
 11506 | D:8      | Acquired a +2 helmet of see invisible
 11723 | D:8      | Found an ornate altar of the Wu Jian Council.
 11731 | D:8      | Found a basalt altar of Yredelemnul.
 11847 | D:9      | Found a sacrificial altar of Ru.
 11850 | D:9      | Reached skill level 5 in Air Magic
 11980 | D:9      | Found a shimmering blue altar of Sif Muna.
 12121 | D:9      | Found Paqun's Assorted Antiques.
 12129 | D:9      | Bought an onyx ring for 165 gold pieces
 12166 | D:9      | Found Cacul's Assorted Antiques.
 12176 | D:9      | Reached * piety under Vehumet
 12176 | D:9      | Offered knowledge of Sting by Vehumet.
 12203 | D:9      | Reached skill level 13 in Spellcasting
 12371 | D:9      | Found Xiuqown's General Store.
 12411 | D:9      | Bought a dark potion for 24 gold pieces
 12571 | D:9      | Found Nisam's Antique Weapon Emporium.
 12716 | D:10     | Entered Level 10 of the Dungeon
 13015 | D:10     | Offered knowledge of Scorch by Vehumet.
 13016 | D:10     | Reached ** piety under Vehumet
 13521 | D:10     | Reached skill level 14 in Spellcasting
 13521 | D:10     | Reached XP level 11. HP: 54/54 MP: 16/31
 13769 | D:10     | Found a staircase to the Orcish Mines.
 14534 | D:11     | Noticed a skeletal warrior
 14536 | D:11     | Offered knowledge of Volatile Blastmotes by Vehumet.
 14537 | D:11     | Noticed a skeletal warrior
 14538 | D:11     | Noticed a skeletal warrior
 14543 | D:11     | Killed a skeletal warrior
 14691 | D:11     | Killed a skeletal warrior
 15201 | D:11     | Killed a skeletal warrior
 15202 | D:11     | Reached skill level 15 in Spellcasting
 15202 | D:11     | Reached skill level 10 in Conjurations
 15318 | D:11     | Noticed a boulder beetle
 15814 | D:11     | Identified the +16 plate armour of Xupam {Int+3}
 15820 | D:11     | Reached *** piety under Vehumet
 15906 | D:11     | Killed a boulder beetle
 16028 | D:11     | Found a staircase to the Lair.
 16135 | D:11     | Found a sparkling altar of Nemelex Xobeh.
 16827 | Lair:1   | Entered Level 1 of the Lair of Beasts
 17098 | Lair:1   | Offered knowledge of Inner Flame by Vehumet.
 17130 | Lair:1   | Learned a level 7 spell: Orb of Destruction
 17237 | Lair:1   | Reached skill level 16 in Spellcasting
 17240 | Lair:1   | Reached XP level 12. HP: 59/59 MP: 26/34
 17704 | Lair:1   | Learned a level 6 spell: Starburst
 17739 | Lair:2   | Reached **** piety under Vehumet
 18053 | Lair:2   | Offered knowledge of Hailstorm by Vehumet.
 18071 | Lair:2   | Reached skill level 17 in Spellcasting
 18629 | Lair:2   | Reached skill level 1 in Fire Magic
 18930 | Lair:2   | Found a staircase to the Snake Pit.
 19259 | Lair:3   | Noticed a seven-headed hydra
 19267 | Lair:3   | Killed a seven-headed hydra
 19527 | Lair:3   | Found a staircase to the Shoals.
 19903 | Lair:3   | You fall into a shaft and drop 2 floors!
 19903 | Lair:5   | Entered Level 5 of the Lair of Beasts
 19905 | Lair:5   | Noticed a four-headed hydra
 19913 | Lair:5   | Killed a four-headed hydra
 20150 | Lair:5   | Noticed a death yak
 20151 | Lair:5   | Reached skill level 18 in Spellcasting
 20151 | Lair:5   | Reached XP level 13. HP: 63/63 MP: 16/37
 20154 | Lair:5   | Reached ***** piety under Vehumet
 20154 | Lair:5   | Offered knowledge of Ozocubu's Refrigeration by Vehumet.
 20520 | Lair:5   | Learned a level 7 spell: Ozocubu's Refrigeration
 20771 | Lair:4   | Reached skill level 10 in Ice Magic
 20771 | Lair:4   | Reached skill level 10 in Air Magic
 21472 | Lair:3   | Reached skill level 5 in Fire Magic
 22404 | Lair:4   | Reached skill level 19 in Spellcasting
 22405 | Lair:4   | Reached skill level 1 in Fighting
 22992 | Lair:5   | Found a runed translucent gate.
 22998 | Lair:5   | Found a runed translucent gate.
 22999 | Lair:5   | Found a runed translucent gate.
 23001 | Lair:5   | Noticed flt's ghost (journeyman OnBr)
 23119 | Lair:5   | Found a staircase to the Slime Pits.
 24339 | Lair:5   | Reached XP level 14. HP: 74/74 MP: 29/39
 25542 | D:9      | Bought a scroll of enchant armour for 112 gold pieces
 25623 | Orc:1    | Entered Level 1 of the Orcish Mines
 27090 | Orc:2    | Entered Level 2 of the Orcish Mines
 27533 | Orc:2    | Found Ruvokusm's Assorted Antiques.
 27897 | Orc:2    | Found Dailux's Antique Armour Shoppe.
 27904 | Orc:2    | Found Vogob's General Store.
 27913 | Orc:2    | Bought a smoking hat for 189 gold pieces
 27913 | Orc:2    | Identified the +1 hat of Instinct {rF+ Str+3} (You bought
                  | it in a shop on level 2 of the Orcish Mines)
 28271 | Orc:2    | Found Kifokiph's General Store.
 28276 | Orc:2    | Bought a potion of heal wounds for 70 gold pieces
 28346 | Orc:2    | Found a staircase to the Elven Halls.
 28347 | Orc:2    | Bought a potion of mutation for 96 gold pieces
 28347 | Orc:2    | Bought a scroll of butterflies for 48 gold pieces
 28347 | Orc:2    | Bought a potion of curing for 36 gold pieces
 28536 | Orc:2    | Reached skill level 20 in Spellcasting
 29340 | Orc:2    | Reached skill level 5 in Fighting
 30429 | Orc:2    | Found Maweywan's Antique Armour Emporium.
 30429 | Orc:2    | Found Vacuol's Antique Weapon Emporium.
 30430 | Orc:2    | Found Anihaemn's Distillery.
 30430 | Orc:2    | Found Xuxakenn's Antique Weapon Shoppe.
 30497 | Elf:1    | Entered Level 1 of the Elven Halls
 30911 | Elf:1    | Paralysed by an air elemental for 1 turns
 30927 | Elf:1    | Paralysed by an air elemental for 1 turns
 31102 | Orc:2    | Upgraded the game from 0.32-a0-898-g7811c86cf0 to
                  | 0.32-a0-899-geb5ba95c15
 31686 | D:12     | Reached skill level 21 in Spellcasting
 31687 | D:12     | Reached ****** piety under Vehumet
 31860 | D:12     | Noticed Snorg
 31863 | D:12     | Killed Snorg
 32105 | D:13     | Offered knowledge of Flame Wave by Vehumet.
 32333 | D:13     | Reached XP level 15. HP: 85/85 MP: 37/42
 32503 | D:13     | Identified the +1 robe of Demons {Str+4 Dex+4}
 33021 | Snake:1  | Entered Level 1 of the Snake Pit
 33602 | Snake:1  | Found Eppaz's Book Boutique.
 33603 | Snake:1  | Found Juit's Jewellery Emporium.
 33605 | Snake:1  | Found Okhloeg's Book Boutique.
 33615 | Snake:1  | Bought a book of Ice for 1000 gold pieces
 33619 | Snake:1  | Bought the Encyclopedia of the Cwm for 624 gold pieces
 33632 | Snake:1  | Learned a level 9 spell: Polar Vortex
 34375 | Snake:2  | Offered knowledge of Fireball by Vehumet.
 34380 | Snake:2  | Reached skill level 22 in Spellcasting
 35386 | Snake:2  | Identified the ring of Soroo {rN+ Dex+4}
 35411 | Snake:2  | Noticed a nagaraja
 35419 | Snake:2  | Killed a nagaraja
 36219 | Snake:2  | Reached skill level 15 in Ice Magic
 36387 | Snake:2  | Reached XP level 16. HP: 82/94 MP: 37/44
 36665 | Snake:3  | Offered knowledge of Lee's Rapid Deconstruction by Vehumet.
 36841 | Snake:2  | Learned a level 9 spell: Shatter
 36950 | Shoals:1 | Entered Level 1 of the Shoals
 36976 | Shoals:1 | Reached skill level 1 in Earth Magic
 37355 | Elf:1    | Got the Directory of Telluric Misery
 37378 | Elf:1    | Noticed Azrael
 37382 | Elf:1    | Killed Azrael
 37618 | Elf:1    | Reached skill level 5 in Earth Magic
 38607 | Elf:2    | Found Murroid's Armour Shop.
 39062 | Elf:2    | Found a runed translucent gate.
 39063 | Elf:2    | Found a runed translucent gate.
 39063 | Elf:2    | Found a runed translucent gate.
 39396 | Elf:2    | Reached skill level 10 in Earth Magic
 39542 | Elf:2    | Noticed a deep elf blademaster
 39549 | Elf:2    | Killed a deep elf blademaster
 39555 | Elf:2    | HP: 3/94 [deep elf pyromancer/bolt of fire (13)]
 39555 | Elf:2    | Mangled by a +6 vampiric halberd

Illustrated notes

Levels and vault maps discovered:
D:1:      heliophobic_arrival_ceremonial_halls, layout_basic
D:2:      layout_rooms, basic_altar, ebering_ecumenical_altar_petrified,
          uniq_terence
D:3:      minmay_goblin_kobold_castle, layout_basic
D:4:      layout_loops_ring, nicolae_ashenzari_panopticon
D:5:      layout_loops_corners, mainiacjoe_overflow_boulevard,
          jmf_multi_god_temple2, old_standard_altar, serial_rivers,
          chequers_serial_rivers_large_b, chequers_serial_rivers_micro_a,
          chequers_serial_rivers_small_b, chequers_serial_rivers_room_b,
          chequers_serial_rivers_micro_d, chequers_serial_rivers_micro_c
D:6:      black_bear_nest_1, layout_gridville, uniq_maggie, uniq_sigmund
D:7:      layout_loops_ring, lemuel_doored_altar, minmay_temple_entry_slanted,
          kennysheep_generic_room_2, uniq_joseph, uniq_menkaure, uniq_duvessa
D:8:      layout_basic, okawaru_trees_1, amethyst_overflow_temple_binary,
          gammafunk_ghost_smash, uniq_grum
D:9:      layout_small_grid, mainiacjoe_overflow_cross_hatched,
          kennysheep_little_box, serial_shops, shop, nicolae_shop_crystal,
          nicolae_shop_back_alley_shop, kennysheep_mini_moat
D:10:     layout_roguey, david_orc_2, disabler_island
D:11:     layout_irregular_city, lair_entry_dummy,
          portal_ice_cave_entry_animals_and_master, nemelex_altar_shiori
D:12:     layout_cave_pools, uniq_snorg
D:13:     layout_loops_ring, serial_ice, serial_ice_b, serial_ice_n,
          serial_ice_g, serial_ice_l
Temple:   hellmonk_temple_of_storms
Lair:1:   layout_cave_shapes, serial_bayou_shore_a
Lair:2:   layout_gridlike, alex1729_snake_entry_snake, grunt_megastairs_5
Lair:3:   layout_cave_pods, elwin_shoals_entry_rocks, evilmike_ambush
          [evilmike_ambush_outer_corners, evilmike_ambush_inner_pond]
Lair:4:   layout_hall_layers
Lair:5:   minmay_lair_end_frog_pond, layout_regular_city, slime_entry_1,
          gammafunk_ghost_necromancy, hangedman_lair_unloving_vines,
          fungi_pond_lemuel
Shoals:1: layout_shoals
Snake:1:  layout_misc_corridors, grunt_megastairs_2, minmay_shop_grove
Snake:2:  layout_cave_shapes, nicolae_snake_storage_room, grunt_megastairs_3
Snake:3:  layout_onion, minmay_shoptagon
Orc:1:    layout_diamond_mine
Orc:2:    st_orc_pillars, layout_caves, serial_shops, shop,
          nicolae_shop_tiny_real_fake_doors, shop, nicolae_shop_behind_doors
Elf:1:    nicolae_elf_arrival_no_cutting_in_line, layout_loops_cross,
          nicolae_elf_shapeshifter_party, uniq_azrael
Elf:2:    nicolae_elf_blades_crystal_corner, layout_loops_corners, serial_shops,
          nicolae_shop_scrapyard

Skill      XL: |  1  2  3  4  5  6  7  8  9 10 11 12 13 14 15 16 |
---------------+-------------------------------------------------+-----
Spellcasting   | 4 5 6 7 8 10 12 14 16 18 19 21 22 | 22.2
Conjurations   | 5 6 7 8 9 10 11 12 | 12.1
Translocations | 1 2 3 4 5 |  5.2
Alchemy        | 1 2 3 4 5 |  5.2
Ice Magic      | 2 4 6 8 9 10 12 15 16 | 16.1
Air Magic      | 2 4 6 8 9 10 | 10.0
Fire Magic     | 3 6 |  6.1
Fighting       | 3 6 8 |  8.3
Earth Magic    | 11 | 11.5
Dodging        | |  2.4
Stealth        | |  2.4

Action                     |  1- 3 |  4- 6 |  7- 9 | 10-12 | 13-15 | 16-18 || total
---------------------------+-------+-------+-------+-------+-------+-------++-------
  Melee: Staff             |       |       |     4 |     4 |     2 |       ||    10
   Cast: Magic Dart        |    74 |   200 |   202 |   263 |     6 |       ||   745
         Searing Ray       |     3 |    12 |    17 |     6 |     1 |       ||    39
         Iskenderun's Myst |       |       |    20 |   118 |    97 |    49 ||   284
         Iskenderun's Batt |       |       |    10 |    40 |    32 |     6 ||    88
         Stone Arrow       |       |       |     5 |    28 |    93 |    33 ||   159
         Freezing Cloud    |       |       |     8 |    23 |    17 |     2 ||    50
         Fulminant Prism   |       |       |       |     2 |       |       ||     2
         Orb of Destructio |       |       |       |     8 |    26 |     2 ||    36
         Starburst         |       |       |       |     2 |       |       ||     2
         Ozocubu's Refrige |       |       |       |       |   254 |    64 ||   318
         Polar Vortex      |       |       |       |       |     2 |     4 ||     6
  Evoke: Wand              |       |       |       |     5 |       |       ||     5
    Use: Potion            |     2 |       |     2 |     4 |     4 |     3 ||    15
         Scroll            |     3 |    10 |     4 |     8 |    10 |     5 ||    40
 Armour: Robe              |    21 |    23 |    36 |       |    60 |    25 ||   165
         Steam dragon scal |       |       |    13 |   114 |    31 |       ||   158
  Dodge: Dodged            |    19 |    22 |    51 |    67 |    51 |     5 ||   215
         Repelled          |       |       |       |     5 |    25 |     8 ||    38

Table legend: (Time is in decaauts)
 A = Elapsed time spent in this place.
 B = Non-inter-level travel time spent in this place.
 C = Inter-level travel time spent in this place.
 D = Time resting spent in this place.
 E = Time spent auto-exploring this place.
 F = Levels seen in this place.
 G = Mean time per level.
                   A        B        C        D        E       F      G
               +--------+--------+--------+--------+--------+-----+--------+
         Total |  39671 |  37558 |   2113 |  10261 |  23172 |  27 | 1469.3 |
       Dungeon |  19198 |  18208 |    990 |   2901 |  13318 |  13 | 1476.8 |
        Temple |     88 |     71 |     17 |      0 |     69 |   1 |   88.0 |
          Lair |   8767 |   8295 |    472 |   2457 |   5036 |   5 | 1753.4 |
        Shoals |     46 |     46 |      0 |     11 |     14 |   1 |   46.0 |
     Snake Pit |   3862 |   3732 |    130 |   1619 |   1561 |   3 | 1287.3 |
  Orcish Mines |   4784 |   4457 |    327 |   2359 |   1692 |   2 | 2392.0 |
   Elven Halls |   2924 |   2749 |    175 |    914 |   1481 |   2 | 1462.0 |
               +--------+--------+--------+--------+--------+-----+--------+

Top non-repeatable levels by time:
    D:10: 3025 daAuts
   Orc:2: 2820 daAuts
 Snake:2: 2627 daAuts
     D:3: 2565 daAuts
  Lair:5: 2513 daAuts
   Orc:1: 1964 daAuts
   Elf:1: 1893 daAuts
  Lair:4: 1878 daAuts
     D:5: 1826 daAuts
  Lair:3: 1747 daAuts
  Lair:2: 1667 daAuts
    D:11: 1554 daAuts
     D:8: 1443 daAuts
     D:7: 1393 daAuts
     D:1: 1376 daAuts
